 Dungeon Crawl Stone Soup version 0.31-a0-232-gb1c03b2570 (webtiles) character file.

Game seed: 17905340416618500179

21 qw the Shooter (level 2, 0/24 HPs)
             Began as a Minotaur Hexslinger on July 6, 2023.
             Succumbed to a kobold's poison
             ... on level 2 of the Dungeon.
             The game lasted 00:00:15 (817 turns).

qw the Shooter (Minotaur Hexslinger)                 Turns: 817, Time: 00:00:15

Health: 0/24       AC:  3    Str: 12    XL:     2   Next: 62%
Magic:  2/2        EV: 11    Int: 10    God:
Gold:   50         SH:  0    Dex: 12    Spells: 2/3 levels left

rFire   . . .        Y - +1 sling
rCold   . . .        (no shield)
rNeg    . . .        d - +0 leather armour
rPois   .            (helmet restricted)
rElec   .            (no cloak)
rCorr   .            (no gloves)
SInv    .            (no boots)
Will    .....        (no amulet)
Stlth   +            (no ring)
HPRegen 0.24/turn    (no ring)
MPRegen 0.08/turn

%: no passive effects
@: lethally poisoned (0 -> -17)
A: horns 2, retaliatory headbutt
a: no special abilities


You were on level 2 of the Dungeon.
You visited 1 branch of the dungeon, and saw 2 of its levels.

You collected 50 gold pieces.


Innate Abilities, Weirdness & Mutations

You have a pair of horns on your head.
You reflexively headbutt those who attack you in melee.


   Skills:
 - Level 2.0 Fighting
 + Level 3.2 Ranged Weapons
 - Level 2.1 Dodging
 - Level 1.0 Spellcasting
 - Level 2.0 Hexes


You had 2 spell levels left.
You knew the following spells:

 Your Spells              Type           Power      Damage    Failure   Level
a - Slow                  Hex            16%        N/A       19%         1

Your spell library contained the following spells:

 Spells                   Type           Power      Damage    Failure   Level
 Inner Flame              Hex/Fire       2%         N/A       65%         3
 Portal Projectile        Hex/Tloc       4%         N/A       65%         3
 Cause Fear               Hex            2%         N/A       88%         4

Inventory:

Hand Weapons
 Y - a +1 sling (weapon)
Armour
 d - a +0 leather armour (worn)
Scrolls
 a - a scroll of identify
Potions
 b - a potion of haste {unknown}
 c - a potion of lignification {unknown}
 g - 2 potions of curing {unknown}

Dungeon Overview and Level Annotations

Branches:
Dungeon (2/15)

Altars:


Message History

Enter note:
Enter note:
Enter note:
Enter note: You shoot a sling bullet.
The sling bullet hits the kobold.
The kobold is severely wounded.
You shoot a sling bullet.
The sling bullet barely misses the kobold.
You shoot a sling bullet. The sling bullet misses the kobold.
An endoplasm comes into view.
You shoot a sling bullet.
The sling bullet barely misses the kobold.
The endoplasm quivers.
You shoot a sling bullet.
The sling bullet closely misses the kobold.
The kobold hits you with a +2 dagger of venom.
You are poisoned.
You shoot a sling bullet.
The sling bullet closely misses the kobold.
You feel very sick. The kobold closely misses you.
The kobold hits you but does no damage.
You are more poisoned.
You shoot a sling bullet. The sling bullet misses the kobold.
You feel very sick. The kobold closely misses you.
You shoot a sling bullet.
The sling bullet hits the kobold but does no damage.
The kobold is severely wounded.
You feel very sick.
The kobold hits you with a +2 dagger of venom.
You are lethally poisoned!
You shoot a sling bullet.
The sling bullet closely misses the kobold.
The sling bullet barely misses the endoplasm.
You feel very sick.
The kobold hits you with a +2 dagger of venom.
You are more poisoned.
You shoot a sling bullet. The sling bullet hits the kobold.
You kill the kobold!
You die...

.....###.......
#...... .....#
.............
#...... .....#
....... #......
.....# ......
#...... .....#
....# ....##...
###### #...#
###.##.##
######## #...#
#.##.#
#####......#
#)J.# #. #..
...##.####.#
#@..# ###
##.##.#
#.#.###...##
#.##.#
#.#........#
#.##.#
#.########.#
#....# #....#
#.# ######
####.# #.#
#.#####.#
#.......#
#########


You could see an endoplasm.

Vanquished Creatures
  A dart slug (D:1)
  3 endoplasms (D:1)
  2 giant cockroaches (D:1)
  2 goblins (D:2)
  A hobgoblin (D:2)
  A quokka (D:1)
  4 ball pythons
  2 bats
  A frilled lizard (D:1)
  A kobold (D:2)
18 creatures vanquished.

Notes
Turn   | Place    | Note
-------+----------+-------------------------------------------
     0 | D:1      | qw the Minotaur Hexslinger began the quest for the Orb.
     0 | D:1      | Reached XP level 1. HP: 16/16 MP: 1/1
     0 | D:1      | 0 ||| qw: Version: 0.3-a-46-gb1f654a
     0 | D:1      | 0 ||| qw: Game counter: 2101
     0 | D:1      | 0 ||| qw: Melee chars always use a shield: true
     0 | D:1      | 0 ||| qw: God list: Okawaru
     0 | D:1      | 0 ||| qw: Allow faded altars: false
     0 | D:1      | 0 ||| qw: Do Orc after clearing Dungeon:15 true
     0 | D:1      | 0 ||| qw: Do second Lair branch before Depths: true
     0 | D:1      | 0 ||| qw: Lair rune preference: random
     0 | D:1      | 0 ||| qw: Goals: Normal
     0 | D:1      | 0 ||| PLANNING D:1-11
   221 | D:1      | Reached skill level 3 in Ranged Weapons
   229 | D:1      | Reached XP level 2. HP: 23/23 MP: 2/2
   587 | D:1      | 587 ||| UPGRADING to +0 leather armour.
   597 | D:1      | 597 ||| DROPPING +0 robe.
   598 | D:1      | 598 ||| READING 2 scrolls labelled XABI EKLAQ.
   599 | D:1      | 599 ||| DRINKING 2 orange potions.
   600 | D:1      | 600 ||| DROPPING scroll of poison.
   601 | D:1      | 601 ||| DROPPING potion of brilliance.
   816 | D:2      | HP: 6/24 [poisoned by a kobold]
   817 | D:2      | Succumbed to a kobold's poison

Levels and vault maps discovered:
D:1:      saegor_arrival_simple_c, layout_loops_ring
D:2:      layout_basic, shapermc_ecumenical_altar_flowoftime

Skill      XL: |  1  2 |
---------------+-------+-----
Ranged Weapons | 3 |  3.2
Fighting       | 2 |  2.0
Dodging        | |  2.1
Spellcasting   | |  1.0
Hexes          | |  2.0

Action                     || total
---------------------------++-------
   Fire: Sling             ||    56
    Use: Scroll            ||     1
         Potion            ||     1
 Armour: Robe              ||     3
         Leather armour    ||     3
  Dodge: Dodged            ||    12

Table legend:
 A = Non-vault XP
 B = Vault XP
 C = Vault XP percentage of total XP
 D = Non-vault monster count
 E = Vault monster count
 F = Vault count percentage of total count
                 A         B        C        D         E       F
            +---------+---------+-------+---------+---------+-------
      Total |      31 |       0 |   0.0 |      18 |       0 |   0.0
            +---------+---------+-------+---------+---------+-------
        D:1 |      21 |       0 |   0.0 |      11 |       0 |   0.0
        D:2 |      10 |       0 |   0.0 |       7 |       0 |   0.0
            +---------+---------+-------+---------+---------+-------
